 Dungeon Crawl Stone Soup version 0.30-a0-354-g6b83867211 (webtiles) character file.

Game seed: 2399961117462958550

6135 ders the Geomancer (level 10, 0/50 HPs)
             Began as a Gargoyle Earth Elementalist on Nov 7, 2022.
             Slain by a yak (11 damage)
             ... on level 7 of the Dungeon.
             The game lasted 00:16:16 (10714 turns).

ders the Geomancer (Gargoyle Earth Elementalist)   Turns: 10714, Time: 00:16:17

Health: 0/50       AC: 12    Str: 12    XL:     10   Next: 89%
Magic:  1/22       EV: 11    Int: 20    God:
Gold:   424        SH:  0    Dex: 10    Spells: 11/26 levels left

rFire   . . .      SeeInvis +    m - staff of air
rCold   . . .      Faith    .    (no shield)
rNeg    + . .      Spirit   .    a - +0 robe
rPois   ∞          Reflect  .    y - +2 helmet {SInv}
rElec   +          Harm     .    (no cloak)
rCorr   .          Rampage  .    (no gloves)
Will    .....                    (no boots)
Stlth   ++........               (no amulet)
HPRegen 0.28/turn                (no ring)
MPRegen 0.18/turn                (no ring)

@: no status effects
A: sickness immunity, AC +7, negative energy resistance 1, electricity
resistance, torment resistance 1, petrification resistance
a: no special abilities


You were on level 7 of the Dungeon.
You visited 2 branches of the dungeon, and saw 9 of its levels.
You also visited: Sewer and Ossuary.

You collected 424 gold pieces.

Inventory:

Hand Weapons
 n - a +1 flail
Missiles
 k - 6 throwing nets
Armour
 a - a +0 robe (worn)
 y - a +2 helmet of see invisible (worn)
 D - +0 steam dragon scales
Magical Staves
 m - a staff of air (weapon)
Jewellery
 j - a ring of magical power
 p - a ring of protection from fire
Wands
 q - a wand of flame (11)
 v - a wand of iceblast (8)
 x - a wand of quicksilver (22)
 E - a wand of paralysis (7)
Scrolls
 e - 4 scrolls of magic mapping {unknown}
 g - 2 scrolls of enchant armour
 h - 4 scrolls of enchant weapon
 r - a scroll of fog {unknown}
 s - a scroll of noise {unknown}
 t - 3 scrolls of identify
 w - a scroll of summoning {unknown}
 B - a scroll of acquirement {unknown}
 F - 3 scrolls of immolation {unknown}
Potions
 b - 3 potions of magic
 c - 3 potions of curing
 d - 2 potions of resistance {unknown}
 i - 3 potions of might {unknown}
 l - 4 potions of mutation {unknown}
 o - a potion of berserk rage
 u - 2 potions of cancellation {unknown}
 z - 2 potions of heal wounds {unknown}
 A - 2 potions of haste {unknown}
 C - a potion of lignification {unknown}
 G - a potion of attraction {unknown}
 H - 2 potions of ambrosia {unknown}
 I - 3 potions of flight {unknown}
 J - a potion of degeneration {unknown}


   Skills:
 - Level 1.5 Dodging
 - Level 2.1 Stealth
 + Level 8.8 Spellcasting
 + Level 10.1 Conjurations
 - Level 0.7 Transmutations
 + Level 11.6 Earth Magic


You had 11 spell levels left.
You knew the following spells:

 Your Spells              Type           Power      Damage    Failure   Level
a - Sandblast             Erth           100%       2d20      1%          1
b - Stone Arrow           Conj/Erth      100%       3d13      1%          3
c - Passwall              Tmut/Erth      27%        N/A       1%          2
d - Fulminant Prism       Conj/Hex       14%        3d9       10%         4
e - Yara's Violent Unrav  Hex/Tmut       5%         3d4       88%         5

Your spell library contained the following spells:

 Spells                   Type           Power      Damage    Failure   Level
 Magic Dart               Conj           100%       1d8       1%          1
 Searing Ray              Conj           98%        2d8       1%          2
 Beastly Appendage        Tmut           22%        N/A       6%          1
 Mephitic Cloud           Conj/Pois/Air  33%        N/A       6%          3
 Petrify                  Tmut/Erth      33%        N/A       6%          4
 Wereblood                Tmut           11%        N/A       9%          2
 Call Imp                 Summ           8%         N/A       12%         2
 Poisonous Vapours        Pois/Air       26%        N/A       12%         2
 Spider Form              Tmut/Pois      10%        N/A       21%         3
 Tukima's Dance           Hex            8%         N/A       24%         3
 Passage of Golubria      Tloc           8%         N/A       61%         4
 Cigotuvi's Dreadful Rot  Necr/Pois/Air  Unusable   N/A       N/A         2

Dungeon Overview and Level Annotations

Branches:
Dungeon (8/15)             Temple (1/1) D:4           Sewer (visited)
Ossuary (visited)
   Lair: D:8-11

Altars:
Ashenzari
Cheibriados
Dithmenos
Elyvilon
Fedhas
Gozag
Hepliaklqana
Kikubaaqudgha
Makhleb
Nemelex Xobeh
Okawaru
Qazlal
Ru
Sif Muna
Trog
Uskayaw
Vehumet
Wu Jian
Xom
Yredelemnul
Zin
The Shining One

Annotations:
D:6 3 runed translucent doors, pokeman's ghost, novice DEHW
D:8 Erica


Innate Abilities, Weirdness & Mutations

You are immune to sickness and miasma.
Your stone body is resilient. (AC +7)
You are immune to poison.
You resist negative energy. (rN+)
You are resistant to electric shocks. (rElec)
You are resistant to unholy torment.
You are immune to petrification.


Message History

The stone arrow misses the yak.
The yak barely misses you.
Unknown command.
Casting: Stone Arrow (safe; 1% risk of failure)
Confirm with . or Enter, or press ? or * to list all spells.
You don't have enough magic to cast this spell.
Casting: Stone Arrow (safe; 1% risk of failure)
Confirm with . or Enter, or press ? or * to list all spells.
Aiming: Sandblast (safe; 1% risk of failure)
Press: ? - help, Shift-Dir - straight line, f/p - yak
Aim: a yak (moderately wounded, 91% to hit)
The blast of sand hits the yak!!
The yak is almost dead.
The yak gores you but does no damage. x2
Unknown command.
Casting: Sandblast (safe; 1% risk of failure)
Confirm with . or Enter, or press ? or * to list all spells.
Aiming: Sandblast (safe; 1% risk of failure)
Press: ? - help, Shift-Dir - straight line, f/p - yak
Aim: a yak (almost dead, 91% to hit)
The blast of sand hits the yak!!
You kill the yak!
Unknown command.
You start resting.
A yak is nearby!
Casting: Sandblast (safe; 1% risk of failure)
Confirm with . or Enter, or press ? or * to list all spells.
Aiming: Sandblast (safe; 1% risk of failure)
Press: ? - help, Shift-Dir - straight line, f - yak
Aim: a yak (91% to hit)
The blast of sand hits the yak but does no damage.
The yak barely misses you. The yak gores you but does no damage.
Unknown command.
Casting: Sandblast (safe; 1% risk of failure)
Confirm with . or Enter, or press ? or * to list all spells.
You don't have enough magic to cast this spell.
The yak attacks as you move away! The yak gores you!
* * * LOW HITPOINT WARNING * * *
There is a stone staircase leading down here.
The yak gores you!
You die...

##...## #.# ######.## #
#.###.###########(#
#......##### #.#
#.............#
#.####......
#.###.#######.....# #.#
#.##### ##...## #.....#
#.# #.##
##.#########.....# #.#
#<.####
##.............†.## #.#
##.##.'
....#########.#Y[#####.#
#.#..# ....#
#.#>@......# #...##
##### #[##?#######
###### #Y##.# # #.##.# #
#.##.# ##########
######## #.##.#
#.<......# .......#
#.##.# #.######.'
######.# #.##.# #.# ###
# ####.# #.##.# #.#


You could see a yak.

Vanquished Creatures
  A two-headed ogre (D:6)
  Psyche (D:8)
  8 yaks
  A steam dragon (D:6)
  3 water moccasins
  2 orc warriors (D:7)
  2 sky beasts
  An ice beast (D:6)
  An ogre (D:7)
  2 black bears
  A phantom (D:6)
  A centaur (D:5)
  A kobold brigand (D:7)
  2 bullfrogs
  3 gnoll sergeants (D:6)
  2 necrophages
  9 wights
  A water moccasin zombie (Ossuary)
  An electric eel (D:6)
  A howler monkey (D:7)
  A centaur zombie (D:6)
  3 jellies
  6 orc priests
  15 hounds
  2 gnoll boudas (D:6)
  4 iguanas
  7 orc wizards
  A killer bee zombie (D:6)
  2 mummies (Ossuary)
  28 gnolls
  11 adders
  A shadow imp (D:4)
  A white imp (D:5)
  2 adder zombies (Ossuary)
  5 worms
  A dart slug (D:1)
  31 orcs
  6 endoplasms
  A giant cockroach (D:1)
  9 gnoll zombies (Ossuary)
  7 goblins
  13 hobgoblins
  9 jackals
  8 quokkas
  9 ball pythons
  13 bats
  7 frilled lizards
  2 hobgoblin zombies (Ossuary)
  11 kobolds
  6 kobold zombies (Ossuary)
  10 orc zombies (Ossuary)
  13 rats
289 creatures vanquished.

Vanquished Creatures (others)
  10 fulminant prisms
  11 fungi (D:8)
  11 plants (D:8)
32 creatures vanquished.

Grand Total: 321 creatures vanquished

Notes
Turn   | Place    | Note
-------+----------+-------------------------------------------
     0 | D:1      | ders the Gargoyle Earth Elementalist began the quest for
                  | the Orb.
     0 | D:1      | Reached XP level 1. HP: 10/10 MP: 3/3
   159 | D:1      | Reached XP level 2. HP: 15/15 MP: 1/5
   298 | D:1      | Reached skill level 1 in Conjurations
   357 | D:1      | Reached skill level 4 in Earth Magic
   494 | D:1      | Found a faded altar of an unknown god.
   765 | D:1      | Reached XP level 3. HP: 19/19 MP: 4/6
  1518 | D:2      | Reached XP level 4. HP: 24/24 MP: 6/8
  1791 | D:2      | Identified the +3 pair of gloves of Wuryss {rN+}
  2208 | D:2      | Reached XP level 5. HP: 28/28 MP: 7/9
  2402 | D:3      | Reached skill level 5 in Earth Magic
  2742 | D:3      | Found a glowing drain.
  2752 | Sewer    | Entered a sewer
  2807 | Sewer    | Noticed a water moccasin
  2814 | Sewer    | Killed a water moccasin
  2815 | Sewer    | Reached XP level 6. HP: 30/32 MP: 7/11
  3403 | D:4      | Found a burning altar of Makhleb.
  3540 | D:4      | Reached skill level 6 in Earth Magic
  3696 | D:4      | Reached XP level 7. HP: 32/36 MP: 10/13
  3874 | D:4      | Found a snail-covered altar of Cheibriados.
  4080 | D:4      | Found a stormy altar of Qazlal.
  4080 | D:4      | Found a shadowy altar of Dithmenos.
  4107 | D:4      | Found a staircase to the Ecumenical Temple.
  4492 | Temple   | Entered the Ecumenical Temple
  4872 | D:5      | Entered Level 5 of the Dungeon
  4917 | D:5      | Reached skill level 5 in Conjurations
  5273 | D:5      | Reached skill level 7 in Earth Magic
  5363 | D:5      | Found a bloodstained altar of Trog.
  5368 | D:5      | Found a blossoming altar of Fedhas.
  5376 | D:5      | Reached skill level 5 in Spellcasting
  5376 | D:5      | Reached XP level 8. HP: 25/41 MP: 11/15
  5457 | D:5      | Found a radiant altar of Vehumet.
  6058 | D:5      | Learned a level 3 spell: Stone Arrow
  6063 | D:5      | Learned a level 4 spell: Fulminant Prism
  6153 | D:6      | Noticed a two-headed ogre
  6159 | D:6      | Killed a two-headed ogre
  6160 | D:6      | Reached skill level 8 in Earth Magic
  6160 | D:6      | Reached XP level 9. HP: 45/45 MP: 4/18
  6310 | D:6      | Reached skill level 9 in Earth Magic
  7483 | D:6      | Reached skill level 10 in Earth Magic
  7812 | D:6      | Reached XP level 10. HP: 48/50 MP: 8/21
  7967 | D:6      | Found an ornate altar of the Wu Jian Council.
  8355 | D:6      | Found a runed translucent gate.
  8355 | D:6      | Found a runed translucent gate.
  8355 | D:6      | Found a runed translucent gate.
  8355 | D:6      | Noticed pokeman's ghost (novice DEHW)
  8358 | D:6      | Found a basalt altar of Yredelemnul.
  8671 | D:6      | Learned a level 2 spell: Passwall
  8924 | D:7      | Found a sand-covered staircase.
  8929 | Ossuary  | Entered an ossuary
  9590 | D:7      | Learned a level 5 spell: Yara's Violent Unravelling
  9749 | D:7      | Found an ancient bone altar of Kikubaaqudgha.
 10074 | D:8      | Noticed Erica
 10074 | D:8      | Noticed Psyche
 10096 | D:8      | Killed Psyche
 10097 | D:8      | Reached skill level 11 in Earth Magic
 10660 | D:8      | Reached skill level 10 in Conjurations
 10714 | D:7      | Slain by a yak

Illustrated notes

Levels and vault maps discovered:
D:1:      minmay_arrival_stair_chambers, layout_loops_corners,
          hellmonk_ecumenical_altar_heavens_door
D:2:      layout_rooms, minmay_puff
D:3:      layout_basic, cheibrodos_sewer_entry_drain, minmay_misc_feat_chi
D:4:      layout_cave_pods, makhleb_heckhound_becter, chei_slow_surprise,
          mainiacjoe_overflow_large_starburst, minmay_temple_entry_trees
D:5:      layout_basic, mainiacjoe_overflow_tiny_flanked,
          grunt_temple_overflow_open, hex_intersection,
          chequers_serial_rivers_large_b
D:6:      layout_cave_pools, pdpol_wu_jian_five_deadly_venoms,
          nicolae_yredelemnul_ghost_church, serial_gnoll_camp,
          gnoll_camp_mini_basic, gnoll_camp_huts_moat, gnoll_camp_mini_doghouse,
          gnoll_camp_mini_hut, gnoll_camp_mini_hut, kennysheep_generic_room_12
D:7:      layout_loops_ring, mainiacjoe_overflow_brackets, enter_bailey_4,
          nicolae_ossuary_entry_false_entrances
D:8:      layout_gridville, grunt_lair_entry_orc_guard_hut, uniq_maggie,
          uniq_erica, uniq_maurice, uniq_psyche
Temple:   nicolae_temple_bog_church

Skill      XL: |  1  2  3  4  5  6  7  8  9 10 |
---------------+-------------------------------+-----
Conjurations   | 1 2 3 4 5 7 8 10 | 10.1
Earth Magic    | 4 5 6 7 8 10 11 | 11.6
Spellcasting   | 3 4 5 6 7 8 |  8.8
Dodging        | |  1.5
Stealth        | |  2.1
Transmutations | |  0.7

Action                   |  1- 3 |  4- 6 |  7- 9 | 10-12 || total
-------------------------+-------+-------+-------+-------++-------
Melee: Unarmed           |     9 |     6 |       |       ||    15
       Flail             |       |     7 |       |       ||     7
       Staff             |       |       |       |     1 ||     1
 Cast: Sandblast         |    57 |    99 |   106 |    91 ||   353
       Stone Arrow       |       |       |    55 |    50 ||   105
       Fulminant Prism   |       |       |     3 |     7 ||    10
  Use: Scroll            |       |     5 |     5 |     3 ||    13
       Potion            |       |     1 |     2 |       ||     3
Armor: Robe              |    15 |    24 |    39 |    51 ||   129
Dodge: Dodged            |    26 |    56 |    56 |    61 ||   199

Table legend: (Time is in decaauts)
 A = Elapsed time spent in this place.
 B = Non-inter-level travel time spent in this place.
 C = Inter-level travel time spent in this place.
 D = Time resting spent in this place.
 E = Time spent auto-exploring this place.
 F = Levels seen in this place.
 G = Mean time per level.
                   A        B        C        D        E       F      G
               +--------+--------+--------+--------+--------+-----+--------+
         Total |  10934 |  10306 |    628 |   1771 |   6950 |  11 |  994.0 |
       Dungeon |  10268 |   9666 |    602 |   1745 |   6467 |   8 | 1283.5 |
        Temple |    171 |    146 |     25 |      0 |    135 |   1 |  171.0 |
         Sewer |    138 |    138 |      0 |      6 |     88 |   1 |  138.0 |
       Ossuary |    356 |    356 |      0 |     20 |    260 |   1 |  356.0 |
               +--------+--------+--------+--------+--------+-----+--------+

Top non-repeatable levels by time:
     D:6: 2596 daAuts
     D:7: 1581 daAuts
     D:4: 1455 daAuts
     D:1: 1340 daAuts
     D:5: 1327 daAuts
     D:2: 968 daAuts
     D:3: 896 daAuts
 Ossuary: 356 daAuts
  Temple: 171 daAuts
   Sewer: 138 daAuts
     D:8: 103 daAuts
